 Dungeon Crawl Stone Soup version 0.31-a0-700-gf13585253f (webtiles) character file.

Game seed: 16178843291617981041

158 gruber the Conjurer (level 5, -5/28 HPs)
             Began as a Deep Elf Conjurer on Sept 7, 2023.
             Killed from afar by a white imp (8 damage)
             ... with a puff of frost
             ... on level 5 of the Dungeon.
             The game lasted 00:02:35 (2935 turns).

gruber the Conjurer (Deep Elf Conjurer)             Turns: 2935, Time: 00:02:37

Health: -5/28      AC:  3    Str: 10    XL:     5   Next: 16%
Magic:  8/12       EV: 12    Int: 25    God:
Gold:   191        SH:  0    Dex: 13    Spells: 8/11 levels left

rFire   . . .        d - +0 dagger (venom)
rCold   . . .        (no shield)
rNeg    . . .        a - +0 robe
rPois   .            (no helmet)
rElec   .            f - +0 cloak
rCorr   .            (no gloves)
SInv    .            (no boots)
Will    .....        k - amulet of magic regeneration
Stlth   ++           l - +6 ring of strength
HPRegen 0.24/turn    (no ring)
MPRegen 0.53/turn

%: no passive effects
@: lethally poisoned (-5 -> -14), very slightly contaminated
A: no striking features
a: no special abilities


You were on level 5 of the Dungeon.
You visited 1 branch of the dungeon, and saw 5 of its levels.

You collected 191 gold pieces.

Inventory:

Hand Weapons
 d - a +0 dagger of venom (weapon)
Armour
 a - a +0 robe (worn)
 f - a +0 cloak (worn)
Jewellery
 k - an amulet of magic regeneration (around neck)
 l - a +6 ring of strength (left hand)
Scrolls
 c - a scroll of teleportation {unknown}
 e - 2 scrolls of amnesia {unknown}
 g - a scroll of revelation {unknown}
 j - 7 scrolls of identify {unknown}
 m - 2 scrolls of enchant weapon {unknown}
 q - a scroll of silence {unknown}
Potions
 b - 2 potions of magic
 h - a potion of degeneration {unknown}
 i - a potion of attraction {unknown}
 n - a potion of curing {unknown}
 o - 2 potions of heal wounds {unknown}
 p - a potion of enlightenment {unknown}


   Skills:
 - Level 2.4 Dodging
 - Level 2.4 Stealth
 + Level 3.8 Spellcasting
 * Level 6.8 Conjurations


You had 8 spell levels left.
You knew the following spells:

 Your Spells              Type           Power      Damage    Failure   Level
a - Magic Dart            Conj           100%       1d8       1%          1
b - Searing Ray           Conj           78%        2d7       1%          2

Your spell library contained the following spells:

 Spells                   Type           Power      Damage    Failure   Level
 Dazzling Flash           Conj/Hex       42%        N/A       7%          3
 Sublimation of Blood     Necr           4%         N/A       14%         2
 Wereblood                Tmut           4%         N/A       14%         2
 Fulminant Prism          Conj/Hex       10%        3d8       22%         4
 Iskenderun's Mystic Bla  Conj/Tloc      21%        2d6       22%         4
 Summon Hydra             Summ           2%         N/A       100%        7


Dungeon Overview and Level Annotations

Branches:
Dungeon (5/15)
 Temple: D:4-7

Altars:
Cheibriados
Hepliaklqana
Yredelemnul
The Shining One

Shops:
D:5 ?


Message History

Found a scroll labelled UHICVIE XANNIXU and a trident.
Found Unyuc's Magic Scroll Boutique.
There is a stone staircase leading up here.
Unknown command.
Unknown command.
You feel sick. The adder bites you.
You are more poisoned.
The adder poisons you! The adder bites you.
The white imp shouts, "Return whence thou came, thou gorbellied wibble-sucking clack-dish!"
Casting: Searing Ray (safe; 1% risk of failure)
Confirm with . or Enter, or press ? or * to list all spells.
Aiming: Searing Ray (safe; 1% risk of failure)
Press: ? - help, Shift-Dir - straight line, f - white imp
Aim: a white imp (81% to hit)
You miscast Searing Ray.
You are very lightly contaminated with residual magic.
Nothing appears to happen.
You feel sick.
The water moccasin hisses angrily.
The adder bites you. The white imp completely misses you.
Unknown command.
Casting: Searing Ray (safe; 1% risk of failure)
Confirm with . or Enter, or press ? or * to list all spells.
Aiming: Searing Ray (safe; 1% risk of failure)
Press: ? - help, Shift-Dir - straight line, f/p - white imp
Aim: a white imp (81% to hit)
The searing ray hits the white imp.
The white imp is lightly wounded. (Press . to maintain the ray.)
You feel sick. The adder bites you.
* * * LOW HITPOINT WARNING * * *
You are lethally poisoned!
The adder poisons you! The white imp barely misses you.
The searing ray hits the white imp.
The white imp is severely wounded.
* * * LOW HITPOINT WARNING * * *
You feel very sick. The adder closely misses you. x2
The white imp gestures at you. The puff of frost hits you!
You die...

. ...####
.......####
#.S@5#
##8S8......
...∩.?####.
..##8.8##
## #..##
#.## .).
##.


You could see a water moccasin, an adder and a white imp.

Vanquished Creatures
  2 orc wizards
  A gnoll (D:3)
  2 adders
  3 worms
  9 orcs
  4 endoplasms
  A giant cockroach (D:2)
  7 hobgoblins
  3 jackals (D:2)
  3 kobolds
  5 quokkas
  3 ball pythons
  A bat (D:3)
  3 frilled lizards
  8 goblins
  5 rats
60 creatures vanquished.

Vanquished Creatures (others)
  A ball python (D:3)
1 creature vanquished.

Grand Total: 61 creatures vanquished

Notes
Turn   | Place    | Note
-------+----------+-------------------------------------------
     0 | D:1      | gruber the Deep Elf Conjurer began the quest for the Orb.
     0 | D:1      | Reached XP level 1. HP: 10/10 MP: 6/6
   360 | D:1      | Reached XP level 2. HP: 8/15 MP: 4/8
   478 | D:1      | Reached skill level 5 in Conjurations
   658 | D:1      | Found a faded altar of an unknown god.
  1309 | D:2      | Reached XP level 3. HP: 19/19 MP: 7/9
  2072 | D:2      | Learned a level 2 spell: Searing Ray
  2187 | D:3      | Found a basalt altar of Yredelemnul.
  2266 | D:3      | Reached skill level 6 in Conjurations
  2266 | D:3      | Reached XP level 4. HP: 7/24 MP: 7/11
  2481 | D:3      | Found a snail-covered altar of Cheibriados.
  2490 | D:3      | Found a hazy altar of Hepliaklqana.
  2756 | D:3      | Found a glowing golden altar of the Shining One.
  2758 | D:3      | Noticed an angel
  2909 | D:4      | Noticed an orc warrior
  2916 | D:4      | Reached XP level 5. HP: 25/28 MP: 6/12
  2931 | D:5      | Entered Level 5 of the Dungeon
  2931 | D:5      | Noticed a water moccasin
  2931 | D:5      | Found Unyuc's Magic Scroll Boutique.
  2935 | D:5      | Killed from afar by a white imp

Illustrated notes

Levels and vault maps discovered:
D:1:      scummos_arrival_gate, layout_basic,
          hellmonk_ecumenical_altar_leap_of_faith, nicolae_titane
D:2:      layout_loops_corners
D:3:      minmay_inner_zag, layout_rooms, grunt_temple_overflow_holy_war,
          minitemple, serial_rivers, chequers_serial_rivers_room_a,
          chequers_serial_rivers_small_b, chequers_serial_rivers_small_3,
          chequers_serial_rivers_room_a, chequers_serial_rivers_large_a,
          chequers_serial_rivers_micro_e, dk_noncrumbling_3
D:4:      nicolae_BIG_FREAKIN_CUBE, layout_loops_ring,
          nicolae_ossuary_entry_false_entrances, portal_sewer_entry_f,
          uniq_natasha, uniq_menkaure, uniq_blork_the_orc
D:5:      layout_rooms, serial_shops, nicolae_shop_tiny_statue_garden

Skill      XL: |  1  2  3 |
---------------+----------+-----
Conjurations   | 5 6 |  6.8
Dodging        | |  2.4
Stealth        | |  2.4
Spellcasting   | |  3.8

Action                     |  1- 3 |  4- 6 || total
---------------------------+-------+-------++-------
  Melee: Dagger            |     6 |       ||     6
   Cast: Magic Dart        |    79 |    17 ||    96
         Searing Ray       |     2 |     8 ||    10
 Armour: Robe              |    11 |    12 ||    23
  Dodge: Dodged            |     9 |    12 ||    21

Table legend: (Time is in decaauts)
 A = Elapsed time spent in this place.
 B = Non-inter-level travel time spent in this place.
 C = Inter-level travel time spent in this place.
 D = Time resting spent in this place.
 E = Time spent auto-exploring this place.
 F = Levels seen in this place.
 G = Mean time per level.
                   A        B        C        D        E       F      G
               +--------+--------+--------+--------+--------+-----+--------+
         Total |   2945 |   2839 |    106 |      0 |   2565 |   5 |  589.0 |
       Dungeon |   2945 |   2839 |    106 |      0 |   2565 |   5 |  589.0 |
               +--------+--------+--------+--------+--------+-----+--------+

Top non-repeatable levels by time:
     D:1: 1084 daAuts
     D:2: 1009 daAuts
     D:3: 775 daAuts
     D:4: 71 daAuts
     D:5: 3 daAuts
